 Dungeon Crawl Stone Soup version 0.29.1-12-g30fa7ad0bf (webtiles) character file.

Game seed: 12165261229176929759

835 GigaChad the Covered (level 7, -1/62 HPs)
             Began as a Minotaur Fighter on Jan 5, 2023.
             Was an Initiate of Trog.
             Slain by an orc wizard
             ... wielding a +0 dagger
              (2 damage)
             ... on level 6 of the Dungeon on Jan 6, 2023.
             The game lasted 00:11:00 (6459 turns).

GigaChad the Covered (Minotaur Fighter)             Turns: 6459, Time: 00:11:01

Health: -1/62      AC:  6    Str: 22    XL:     7   Next: 66%
Magic:  6/6        EV:  5    Int:  5    God:    Trog [......]
Gold:   241        SH: 13    Dex: 10    Spells: 6/6 levels left

rFire   . . .      SeeInvis .   a - +1 war axe
rCold   . . .      Faith    .   m - +0 tower shield
rNeg    . . .      Spirit   .   v - +0 chain mail
rPois   .          Reflect  .   (helmet restricted)
rElec   .          Harm     .   (no cloak)
rCorr   .          Rampage  .   (no gloves)
Will    .....                   (no boots)
Stlth   ..........              (no amulet)
HPRegen 0.20/turn               (no ring)
MPRegen 0.10/turn               (no ring)

@: lethally poisoned (-1 -> -11), corroded
A: horns 2, retaliatory headbutt
a: Renounce Religion


You were on level 6 of the Dungeon.
You worshipped Trog.
Trog was noncommittal.
You visited 1 branch of the dungeon, and saw 6 of its levels.

You collected 241 gold pieces.

Inventory:

Hand Weapons
 a - a +1 war axe (weapon)
 r - a +0 halberd
Missiles
 q - a throwing net (quivered)
Armour
 b - a +0 scale mail
 c - a +0 buckler
 m - a +0 tower shield (worn)
 v - a +0 chain mail (worn)
Jewellery
 s - a ring of willpower
 w - a ring of see invisible
Wands
 o - a wand of polymorph (9)
 t - a wand of acid (1)
Scrolls
 e - 3 scrolls of identify
 j - a scroll of noise
 k - a scroll of butterflies {unknown}
 p - a scroll of amnesia
 x - 2 scrolls of enchant weapon
Potions
 d - a potion of might
 f - a potion of cancellation {unknown}
 g - 2 potions of ambrosia {unknown}
 h - a potion of heal wounds
 i - 2 potions of magic {unknown}
 l - 2 potions of curing {unknown}
 n - 2 potions of mutation {unknown}
 u - a potion of degeneration {unknown}
 z - a potion of invisibility {unknown}


   Skills:
 * Level 5.8 Fighting
 + Level 6.1 Axes
 + Level 6.2 Armour
 + Level 2.0 Dodging
 + Level 0.8 Stealth
 + Level 5.6 Shields


You had 6 spell levels left.
You didn't know any spells.
Your spell library contained the following spells:

 Spells                   Type           Power      Damage    Failure   Level
 Sandblast                Erth           0%         2d4       100%        1
 Passwall                 Tmut/Erth      0%         N/A       100%        2
 Stone Arrow              Conj/Erth      0%         3d7       100%        3


Dungeon Overview and Level Annotations

Branches:
Dungeon (6/15)
 Temple: D:4-7

Altars:
Ru
Trog


Innate Abilities, Weirdness & Mutations

You have a pair of horns on your head.
You reflexively headbutt those who attack you in melee.


Message History

You furiously retaliate!
You headbutt the hound. You block the water moccasin's attack.
You block the jelly's attack. The orc barely misses you.
The orc wizard hits you with a +0 dagger.
The hound bites you. The water moccasin bites you.
The orc hits you but does no damage. The jelly hits you but does no damage.
The orc hits you but does no damage.
The orc wizard hits you but does no damage.
You barely miss the orc wizard. Your headbutt misses the orc wizard.
The orc wizard is lightly wounded.
You hit the water moccasin. You barely miss the hound. You slash the jelly!
The acid corrodes you!
Your hands burn!
You hit the orc. The hound bites you but does no damage.
You block the water moccasin's attack. The hound bites you.
The jelly hits you but does no damage. You block the orc's attack.
The orc hits you but does no damage. The orc wizard completely misses you.
The water moccasin bites you.
* * * LOW HITPOINT WARNING * * *
You are lethally poisoned!
The water moccasin poisons you!
You miss the water moccasin.
Your headbutt misses the water moccasin.
The water moccasin is almost dead.
You closely miss the hound. You barely miss the orc wizard.
You hit the jelly but do no damage.
Your hands burn!
* * * LOW HITPOINT WARNING * * *
You slash the orc!
You kill the orc!
Trog accepts your kill.
* * * LOW HITPOINT WARNING * * *
You feel very sick. The hound bites you.
* * * LOW HITPOINT WARNING * * *
You block the water moccasin's attack. The jelly hits you but does no damage.
The hound bites you.
* * * LOW HITPOINT WARNING * * *
The orc hits you but does no damage. The orc wizard barely misses you.
The water moccasin bites you but does no damage.
The jelly hits you but does no damage.
The orc wizard hits you with a +0 dagger.
You die...

........# ...
###.......##...
............#
#...#......#
#.........##
#[...o.....###
#..JS.......##
#.)@o.......##
##.h.......^.#
.###......#.....##
..>........##.#...#
..................#
....<###.###.##..##
..... ....#.......#
..................##
.............##....#


You could see a water moccasin, a hound, a jelly, an orc wizard and an orc.

Vanquished Creatures
  Pargi (D:3)
  3 black bears
  3 jellies
  2 iguanas
  3 orc wizards
  7 adders
  10 gnolls
  3 dart slugs
  14 orcs
  10 endoplasms
  6 giant cockroaches
  6 goblins
  4 hobgoblins
  2 quokkas
  4 ball pythons
  5 bats
  4 frilled lizards (D:1)
  9 kobolds
  4 rats
100 creatures vanquished.

Notes
Turn   | Place    | Note
-------+----------+-------------------------------------------
     0 | D:1      | GigaChad the Minotaur Fighter began the quest for the Orb.
     0 | D:1      | Reached XP level 1. HP: 19/19 MP: 0/0
   244 | D:1      | Reached XP level 2. HP: 27/27 MP: 1/1
   686 | D:2      | Reached XP level 3. HP: 29/33 MP: 2/2
  1485 | D:3      | Reached XP level 4. HP: 40/40 MP: 3/3
  1616 | D:3      | Reached skill level 1 in Dodging
  1737 | D:3      | Reached XP level 5. HP: 18/47 MP: 4/4
  2390 | D:3      | Noticed Pargi
  2404 | D:3      | Killed Pargi
  2405 | D:3      | Reached skill level 5 in Armour
  2405 | D:3      | Reached skill level 5 in Shields
  2405 | D:3      | Reached XP level 6. HP: 25/53 MP: 5/5
  4070 | D:4      | Reached skill level 5 in Fighting
  4233 | D:4      | Found a bloodstained altar of Trog.
  4250 | D:4      | Became a worshipper of Trog the Wrathful
  4327 | D:4      | Found a sacrificial altar of Ru.
  5162 | D:5      | Entered Level 5 of the Dungeon
  5408 | D:5      | Reached skill level 5 in Axes
  5408 | D:5      | Reached XP level 7. HP: 52/61 MP: 6/6
  6459 | D:6      | HP: 3/62 [hound (3)]
  6459 | D:6      | HP: 1/62 [hound (2)]
  6459 | D:6      | Slain by an orc wizard

Illustrated notes

Levels and vault maps discovered:
D:1:      nicolae_arrival_washed_ashore, layout_rooms
D:2:      minmay_kobold_bridge, layout_basic, kennysheep_decorative_pillar,
          minmay_tetromino_l4
D:3:      layout_basic, uniq_pargi
D:4:      cheibrodos_helix_gallery, layout_basic, lemuel_crystal_altar,
          marbit_many_paths
D:5:      layout_loops_ring
D:6:      layout_cave_pools, lemuel_mausoleum_altar_kikubaaqudgha

Skill      XL: |  1  2  3  4  5  6  7 |
---------------+----------------------+-----
Armour         | 4 5 6 |  6.2
Fighting       | 4 5 |  5.8
Axes           | 3 4 5 6 |  6.1
Shields        | 4 5 |  5.6
Dodging        | 1 2 |  2.0
Stealth        | |  0.8

Action                   |  1- 3 |  4- 6 |  7- 9 || total
-------------------------+-------+-------+-------++-------
Melee: War axe           |    84 |   127 |    66 ||   277
       Headbutt          |     9 |    17 |     6 ||    32
  Use: Scroll            |       |     7 |       ||     7
Armor: Scale mail        |    49 |    76 |       ||   125
       Chain mail        |       |    22 |    64 ||    86
Dodge: Dodged            |    32 |    44 |    27 ||   103
Block: Buckler           |    13 |       |       ||    13
       Tower shield      |    35 |   155 |    44 ||   234
